Unix NetHack Version 3.7.0-73 Work-in-progress - last build Feb 17 2023 02:16:44 (48fe2e8c4a70f1d2d5b622443eb9b5bc1b8d05f7,branch:master). Game began 2023-02-18 16:06:04, ended 2023-02-18 17:44:52. Gandelf, neutral male human Monk ------------------ |............>...| ||-----------....--- |.......|---|.-....| |.j../..|...|...--.| |...=...|..........| |..%<...|-.--)-....| |.......|...|....-.| |.......|.0....-...| |.......|.|00-.0.-.| ----------|..0.....| |....|.--- -------- Gandelf the Initiate St:16 Dx:14 Co:17 In:9 Wi:15 Ch:12 Neutral S:7434 Dlvl:3 $:0 HP:0(55) Pw:39(39) AC:2 Xp:8/1791 T:6904 Latest messages: You haven't been paying attention. The boulder falls into and plugs a hole in the floor! You descend the stairs. What do you want to use or apply? [afk-ntvwyzA-CFIQZ or ?*] a You produce a strange whistling sound. Four creatures appear. You climb up the stairs. Kitty misses it. You stop searching. Kitty misses the little dog. What do you want to throw? [M or ?*] * In what direction? n The little dog devours a fortune cookie. What do you want to call? [deijl-npyzBCFI or ?*] Never mind. (For instructions type a '?') What do you want to call the little dog? No5 You descend the stairs. You climb up the stairs. Clyde drops a dagger. You see here a dagger. You swap places with Clyde. The dog picks up a dagger. M - a dart (at the ready) (10 in total). The ochre jelly oozes under the door. You stop searching. You already found a monster. Use 'm' prefix to force another search. You swap places with Clyde. You swap places with Kitty. You swap places with Bonnie. You swap places with Bonnie. You stop. Kitty is in the way! You stop. Kitty is in the way! You stop. Kitty is in the way! You swap places with Kitty. You swap places with Clyde. This door is locked. Unlock it with your key? [ynq] (q) y You succeed in unlocking the door. The door opens. The ochre jelly engulfs you! You are covered in slime! It burns! You hit the ochre jelly. You are splashed by the ochre jelly's acid! You hit the ochre jelly. You are splashed by the ochre jelly's acid! You are covered in slime! It burns! You die... Do you want your possessions identified? [ynq] (y) y Do you want to see your attributes? [ynq] (y) q Inventory: Amulets d - an uncursed amulet of unchanging (being worn) Weapons M - 10 +0 darts (at the ready) Armor q - an uncursed +0 dwarvish iron helm (being worn) x - an uncursed burnt +2 pair of leather gloves (being worn) H - an uncursed +0 pair of iron shoes (being worn) b - an uncursed burnt +1 robe (being worn) Comestibles D - an uncursed slime mold g - 6 uncursed apples o - 6 uncursed food rations u - an uncursed fortune cookie h - 5 uncursed oranges G - an uncursed tripe ration s - 3 uncursed eggs Scrolls i - a blessed scroll of earth j - an uncursed scroll of earth Spellbooks m - an uncursed spellbook of magic missile Potions E - an uncursed potion of healing Rings e - a cursed ring of hunger p - an uncursed ring of searching Wands C - a wand of light (0:11) t - a wand of lightning (0:5) n - a wand of magic missile (0:6) B - a wand of secret door detection (0:12) l - a wand of striking (0:4) w - a wand of teleportation (0:7) Tools Q - a blessed brass lantern v - an uncursed brass lantern Z - a can of grease (0:25) f - an uncursed leash k - an uncursed lock pick a - an uncursed magic whistle F - an uncursed mirror I - an uncursed mirror y - an uncursed skeleton key A - a +0 unicorn horn Gems/Stones z - an uncursed flint stone Gandelf the Monk's attributes: Background: You were an Initiate, a level 8 male human Monk. You were neutral, on a mission for Chih Sung-tzu who was opposed by Shan Lai Ching (lawful) and Huan Ti (chaotic). You were in Sokoban, on level 3. You entered the dungeon 6904 turns ago. You had 1791 experience points, 769 more were needed to attain level 9. Your score was 7434 before end-of-game adjustments. Basics: You had 0 out of 55 hit points. You had all 39 energy points (spell power). Your armor class was 2. Your wallet was empty. Autopickup was on for '$?!+/=' plus thrown. Final Characteristics: Your strength was 16 (limit:18/100). Your dexterity was 14 (limit:18). Your constitution was 17 (limit:18). Your intelligence was 9 (limit:18). Your wisdom was 15 (peak:16, limit:18). Your charisma was 12 (limit:18). Final Status: You were engulfed by an ochre jelly. You were not hungry. You were unencumbered. You were empty handed. You were skilled in martial arts and could have enhanced that. Final Attributes: You were piously aligned. You were sleep resistant. You were poison resistant. You saw invisible. You were telepathic. You were warned. You were stealthy. You were guarded. You could not change from your current form. You were fast. You are dead. Miscellaneous: You never encountered a bones level. Total elapsed playing time was 1 hour, 27 minutes and 8 seconds. Major events: Turn 1: Gandelf the neutral male human Monk entered the dungeon 224: entered the Gnomish Mines 388: attained the rank of Novice (level 3) 2279: attained the rank of Initiate (level 6) 5390: entered Sokoban 5822: completed 1st Sokoban level 6450: completed 2nd Sokoban level 6815: completed 3rd Sokoban level 6904: killed by an ochre jelly Vanquished creatures: a small mimic an elf mummy a Grey-elf a wolf 2 leprechauns an iron piercer a giant spider a black light a gnome ruler a dwarf leader a black unicorn a dust vortex 2 gnome mummies 2 rope golems a soldier ant 2 bugbears 3 wood nymphs a mountain nymph 3 orc shamans 2 rock piercers 5 rock moles a fog cloud 2 yellow lights a shrieker 2 gnome leaders a ghoul 2 straw golems a paper golem a giant ant a little dog 4 floating eyes 5 dwarves 4 homunculi 9 hill orcs 2 rabid rats a giant bat a monkey an orc zombie 4 dwarf zombies 3 iguanas 10 killer bees an acid blob 4 hobbits 3 hobgoblins 2 giant rats 2 cave spiders a brown mold a yellow mold a green mold 23 gnomes a gnome zombie 5 geckos 3 jackals a fox a kobold a goblin 6 grid bugs a bat 7 lichens 6 newts 160 creatures vanquished. No species were genocided or became extinct. Voluntary challenges: You never hit with a wielded weapon. You read items or engraved 5 times. You never engraved Elbereth. You never genocided any monsters. You never polymorphed an object. You never changed form. You used no wishes. You did not violate any of the special Sokoban rules. Achievements: You entered the Gnomish Mines. You attained the rank of Novice. You attained the rank of Initiate. You entered a shop. You entered Sokoban. The Dungeons of Doom: levels 1 to 6 Level 1: Level 2: Level 3: An armor shop. Stairs down to The Gnomish Mines. Level 4: A general store, a grave. Level 5: Level 6: A grave. Stairs up to Sokoban, level 5. The Gnomish Mines: levels 4 to 6 Level 4: Level 5: Level 6: Sokoban: levels 5 up to 3 Level 3: <- You were here. Solved. Final resting place for you, killed by an ochre jelly. Level 4: Solved. Level 5: Solved. Game over: ---------- / \ / REST \ / IN \ / PEACE \ / \ | Gandelf | | 0 Au | | killed by an | | ochre jelly | | | | | | 2023 | *| * * * | * _________)/\\_//(\/(/\)/\//\/|_)_______ Goodbye Gandelf the Monk... You died in Sokoban on dungeon level 3 with 7434 points, and 0 pieces of gold, after 6904 moves. You were level 8 with a maximum of 55 hit points when you died.